 Dungeon Crawl Stone Soup version 0.29.1-13-g9f3cf754e1 (webtiles) character file.

Game seed: 11906198123221921330

3469 Sanktem7 the Fighter (level 9, -2/89 HPs)
             Began as a Minotaur Fighter on Feb 7, 2023.
             Was an Initiate of Trog.
             Slain by a two-headed ogre
             ... wielding a +0 giant spiked club
              (14 damage)
             ... on level 7 of the Dungeon.
             The game lasted 00:15:50 (7673 turns).

Sanktem7 the Fighter (Minotaur Fighter)             Turns: 7673, Time: 00:15:51

Health: -2/89      AC: 12    Str: 24    XL:     9   Next: 79%
Magic:  8/8        EV:  7    Int:  5    God:    Trog [......]
Gold:   410        SH:  4    Dex: 11    Spells: 8/8 levels left

rFire   . . .      SeeInvis .   G - +3 flail (vorpal) {mace}
rCold   . . .      Faith    .   c - +0 buckler
rNeg    . . .      Spirit   .   g - +0 chain mail
rPois   .          Reflect  .   (helmet restricted)
rElec   .          Harm     .   (no cloak)
rCorr   .          Rampage  .   m - +1 pair of gloves
Will    .....                   (no boots)
Stlth   ..........              l - amulet of magic regeneration {@e2}
HPRegen 0.24/turn               (no ring)
MPRegen 0.51/turn               (no ring)

@: no status effects
A: horns 2, retaliatory headbutt
a: Renounce Religion


You were on level 7 of the Dungeon.
You worshipped Trog.
Trog was noncommittal.
You visited 2 branches of the dungeon, and saw 8 of its levels.

You collected 434 gold pieces.
You spent 24 gold pieces at shops.


Innate Abilities, Weirdness & Mutations

You have a pair of horns on your head.
You reflexively headbutt those who attack you in melee.


   Skills:
 * Level 11.5 Fighting
 - Level 5.7(7.1) Axes
 + Level 6.6(7.6) Maces & Flails
 + Level 5.8 Throwing
 - Level 6.0 Armour
 - Level 3.6 Shields
 - Level 2.4 Evocations


You had 8 spell levels left.
You didn't know any spells.
Your spell library contained the following spells:

 Spells                   Type           Power      Damage    Failure   Level
 Conjure Flame            Conj/Fire      0%         6-21      100%        3
 Ignite Poison            Fire/Tmut/Pois 0%         N/A       100%        3
 Cause Fear               Hex            0%         N/A       100%        4
 Sticky Flame             Conj/Fire      0%         2d3       100%        4
 Dragon Form              Tmut           0%         N/A       100%        7
 Dragon's Call            Summ           0%         N/A       100%        9

Inventory:

Hand Weapons
 a - a +0 war axe {axe}
 G - a +3 vorpal flail (weapon) {mace}
   (You found it on level 4 of the Dungeon)
Missiles
 r - 4 boomerangs {throwing}
 s - 12 poisoned darts (quivered) {throwing}
 w - 14 stones {throwing}
 y - a silver boomerang {throwing}
Armour
 c - a +0 buckler (worn)
 g - a +0 chain mail (worn)
   (You found it on level 4 of the Dungeon)
 m - a +1 pair of gloves (worn)
   (You found it on level 1 of the Dungeon)
Jewellery
 l - an amulet of magic regeneration (around neck) {@e2}
   (You found it on level 1 of the Dungeon)
 A - an amulet of reflection
   (You found it on level 6 of the Dungeon)
 H - an amulet of guardian spirit
   (You found it on level 7 of the Dungeon)
Wands
 i - a wand of mindburst (24)
   (You found it on level 5 of the Dungeon)
 t - a wand of quicksilver (11)
   (You took it off Natasha on level 2 of the Dungeon)
 I - a wand of polymorph (12)
   (You found it on level 7 of the Dungeon)
Scrolls
 b - 2 scrolls of immolation {!r!r}
 e - a scroll of poison {!r}
 f - 2 scrolls of amnesia
 j - 2 scrolls of torment {!r}
 k - a scroll of vulnerability {!r!r}
 n - 3 scrolls of teleportation {@r4}
 v - a scroll of silence {!r}
 x - a scroll of fear
 D - a scroll of acquirement {unknown}
 F - a scroll of enchant weapon
Potions
 d - 2 potions of might
 o - 4 potions of curing {@q1}
 p - a potion of cancellation
 q - 3 potions of mutation {!q}
 u - 2 potions of degeneration {!q@e2}
 z - 3 potions of flight
 B - a potion of brilliance {unknown}
 E - a potion of resistance {unknown}

Dungeon Overview and Level Annotations

Branches:
Dungeon (7/15) Zot: 26694  Temple (1/1) D:6 Zot: 5718

Altars:
Ashenzari
Cheibriados
Dithmenos
Fedhas
Gozag
Hepliaklqana
Kikubaaqudgha
Nemelex Xobeh
Qazlal
Ru
Sif Muna
Trog
Uskayaw
Vehumet
Xom
Yredelemnul
Zin
The Shining One

Shops:
D:6

*
#....##...?.##
##....#.......#
#.....#.....[.#
#....##.......
#....# .....
#..### .h.
#.########c####
#........hoo..#
#..........@n.#
#...........O.#
####'########.#
##...## .#
##.....## #
#.......#
#.......#
#[......#
##.....##


You could see a two-headed ogre, a black bear, a necrophage, a centaur, a howler
monkey (catching breath), an orc wizard and an orc.


Message History

Things that are here:
a +0 troll leather armour; a troll corpse Key pressed, stopping explore.
q - 2 fuming red potions (gained 1) Key pressed, stopping explore.
You open the door.
There is an open door here.
z - 3 potions of flight (gained 2)
C - a scroll of identify {@r1} 😎 HP[+34]
Your hp is fully restored (89).
q - 3 fuming red potions (gained 1)
D - a scroll labelled AFESEV HEUC
F - a scroll of enchant weapon
H - an amulet of guardian spirit
I - a wand of polymorph (12)
w - 14 stones {throwing} (gained 3)
There is an open door here.
You open the door.
A centaur, 2 orcs, a phantom, a sky beast and a howler monkey come into view.
The centaur shouts!
The howler monkey howls!
You hear a howl!
A black bear comes into view.
A howler monkey comes into view.
As you read the scroll of identify {@r1}, it crumbles to dust.
q - 3 potions of mutation The black bear growls angrily.
The centaur wields a +0 shortbow.
The centaur shoots an arrow.
The arrow hits you.
The phantom is sucked into a shaft!
The shaft crumbles and collapses.
The orc wizard gestures at you while chanting.
You easily resist.
The howler monkey hoots and howls with incredible vigour! 😕 HP[-4]
You take 4 damage, and now have 85/89 hp.
There are monsters nearby!
You hit the howler monkey.
The sky beast flickers out of sight!
Deactivating autopickup; reactivate with Ctrl-A.
The howler monkey barely misses you.
You hit the howler monkey. The howler monkey hits you.
You closely miss the howler monkey. You headbutt the howler monkey.
The howler monkey hits you but does no damage.
You barely miss the howler monkey.
The howler monkey hits you but does no damage.
The howler monkey hoots and howls with incredible vigour!
You hear two shouts!
You hear a shout! x3
You sock the howler monkey!
You kill the howler monkey!
Trog accepts your kill.
The centaur shoots an arrow.
The arrow hits you.
The centaur shoots an arrow.
The arrow hits you.
You closely miss something.
The centaur shoots an arrow.
A two-headed ogre comes into view.
It is wielding a +0 giant spiked club and a +0 giant club.
Something hits you but does no damage.
You barely miss something. You headbutt something.
A necrophage comes into view.
Something hits you but does no damage.
The centaur shoots an arrow.
The arrow barely misses you.
You barely miss something.
The centaur shoots an arrow.
The arrow hits you but does no damage. Something hits you but does no damage.
The howler monkey hoots and howls with incredible vigour!
Something completely misses you.
The centaur shoots an arrow.
Reactivating autopickup.
You feel a bit more experienced.
The two-headed ogre hits you with a +0 giant spiked club!
You block the two-headed ogre's attack.
You are too injured to fight recklessly!
You are too injured to fight recklessly!
You are too injured to fight recklessly!
You are too injured to fight recklessly! 😮 HP[-23]
You take 23 damage, and now have 62/89 hp.
MASSIVE DAMAGE!! (PAUSE)
You barely miss the two-headed ogre. You headbutt the two-headed ogre.
The two-headed ogre hits you with a +0 giant spiked club!
The two-headed ogre hits you with a +0 giant club. 😮 HP[-17]
You take 17 damage, and now have 45/89 hp.
You hit the two-headed ogre. You headbutt the two-headed ogre!
You block the necrophage's attack. The orc hits you but does no damage.
You hit the two-headed ogre.
Your headbutt misses the two-headed ogre.
The two-headed ogre hits you with a +0 giant spiked club!!
* * * LOW HITPOINT WARNING * * *
The two-headed ogre hits you with a +0 giant club.
* * * LOW HITPOINT WARNING * * *
The orc wizard casts a spell at you. The puff of flame hits you.
* * * LOW HITPOINT WARNING * * *
The orc hits you but does no damage.
You block the necrophage's attack. 😱 HP[-35]
You take 35 damage, and now have 10/89 hp.
MASSIVE DAMAGE!! (PAUSE)
You feel much better.
The howler monkey hoots and howls with incredible vigour!
The necrophage hits you but does no damage.
You block the orc's attack.
The orc wizard hits you but does no damage.
The two-headed ogre hits you with a +0 giant spiked club!!
* * * LOW HITPOINT WARNING * * *
The two-headed ogre hits you with a +0 giant club!
You die...

Skill      XL: |  1  2  3  4  5  6  7  8  9 |
---------------+----------------------------+-----
Fighting       | 4 5 6 7 9 11 | 11.5
Axes           | 3 5 |  5.7
Armour         | 4 5 6 |  6.0
Throwing       | 1 2 4 5 |  5.8
Maces & Flails | 2 4 6 |  6.6
Evocations     | 1 2 |  2.4
Shields        | |  3.6

Action                   |  1- 3 |  4- 6 |  7- 9 || total
-------------------------+-------+-------+-------++-------
Melee: War axe           |    43 |   109 |       ||   152
       Headbutt          |     3 |    14 |    34 ||    51
       Flail             |       |    14 |   204 ||   218
  Use: Scroll            |       |    10 |    13 ||    23
       Potion            |       |       |     1 ||     1
 Stab: Paralysed         |       |       |     2 ||     2
Armor: Scale mail        |    18 |    31 |       ||    49
       Chain mail        |       |    37 |   146 ||   183
Dodge: Dodged            |    17 |    50 |   103 ||   170
Block: Buckler           |     9 |    30 |    69 ||   108

Levels and vault maps discovered:
D:1:      noname_arrival_rooms_in_the_neighbourhood, layout_basic,
          dreamdust_ecumenical_altar_angels_and_demons, hangedman_decor_points
D:2:      layout_basic, basic_altar, minmay_tetromino_s2, uniq_sigmund,
          uniq_natasha
D:3:      layout_basic, grunt_temple_overflow_gold_and_silver,
          cheibrodos_worm_habitat, nicolae_yredelemnul_corpse_copse
D:4:      minmay_razor_zed, layout_basic, nicolae_ru_great_annihilating_truth,
          mainiacjoe_overflow_catwalk_spiral, amethyst_killhole, uniq_eustachio,
          uniq_blork_the_orc, uniq_robin
D:5:      layout_gridville, uniq_grinder
D:6:      layout_basic, minmay_temple_entry_hall, nicolae_shop_clearance
D:7:      minmay_opposing_rooms, layout_basic
Temple:   hellmonk_temple_of_storms

Notes
Turn   | Place    | Note
-------+----------+-------------------------------------------
     0 | D:1      | Sanktem7 the Minotaur Fighter began the quest for the Orb.
     0 | D:1      | Reached XP level 1. HP: 19/19 MP: 0/0
     0 | D:1      | magus.rc [v1.9.6]
    79 | D:1      | You add the spells Conjure Flame, Ignite Poison and Sticky
                  | Flame to your library.
   102 | D:1      | Reached XP level 2. HP: 27/27 MP: 1/1
   105 | D:1      | Reached skill level 4 in Fighting
   221 | D:1      | Reached skill level 3 in Axes
   318 | D:1      | Found a faded altar of an unknown god.
   961 | D:2      | Noticed Natasha
   966 | D:2      | Killed Natasha
   967 | D:2      | Reached skill level 4 in Armour
   967 | D:2      | Reached XP level 3. HP: 29/34 MP: 2/2
  1022 | D:2      | Found a shimmering blue altar of Sif Muna.
  1089 | D:2      | Noticed Natasha
  1090 | D:2      | Noticed Sigmund
  1091 | D:2      | Killed Natasha
  1092 | D:2      | Reached XP level 4. HP: 22/41 MP: 3/3
  1100 | D:2      | Killed Sigmund
  1101 | D:2      | Reached skill level 5 in Fighting
  1101 | D:2      | Reached skill level 5 in Axes
  1101 | D:2      | Reached XP level 5. HP: 19/50 MP: 4/4
  1530 | D:2      | Noticed Natasha
  1540 | D:2      | Killed Natasha
  1767 | D:3      | Reached XP level 6. HP: 57/57 MP: 5/5
  1980 | D:3      | Found a snail-covered altar of Cheibriados.
  2071 | D:3      | You pick up a book of the Dragon and begin reading...
  2071 | D:3      | You add the spells Cause Fear, Dragon Form and Dragon's
                  | Call to your library.
  2202 | D:3      | Found a basalt altar of Yredelemnul.
  2291 | D:3      | Reached skill level 6 in Fighting
  2462 | D:3      | Found a glowing silver altar of Zin.
  2463 | D:3      | Found an opulent altar of Gozag.
  2756 | D:4      | Noticed Blork the orc
  2762 | D:4      | Killed Blork the orc
  2763 | D:4      | Reached skill level 1 in Throwing
  2763 | D:4      | Reached skill level 5 in Armour
  3080 | D:4      | Noticed Robin
  3101 | D:4      | Killed Robin
  3482 | D:4      | Reached XP level 7. HP: 61/64 MP: 6/6
  3639 | D:4      | Noticed Eustachio
  3654 | D:4      | Found a sacrificial altar of Ru.
  3656 | D:4      | Killed Eustachio
  3657 | D:4      | Reached skill level 1 in Maces & Flails
  3657 | D:4      | Reached skill level 2 in Throwing
  3657 | D:4      | Reached skill level 1 in Evocations
  3855 | D:4      | Found a glowing golden altar of the Shining One.
  3867 | D:4      | Found a sparkling altar of Nemelex Xobeh.
  3878 | D:4      | Reached skill level 7 in Fighting
  4190 | D:5      | Entered Level 5 of the Dungeon
  4444 | D:5      | Reached skill level 2 in Maces & Flails
  4850 | D:5      | Reached skill level 6 in Armour
  4850 | D:5      | Reached XP level 8. HP: 73/73 MP: 7/7
  4885 | D:5      | Reached skill level 2 in Evocations
  4996 | D:5      | Noticed Grinder
  4996 | D:5      | Paralysed by Grinder for 4 turns
  5008 | D:5      | Killed Grinder
  5009 | D:5      | Reached skill level 8 in Fighting
  5009 | D:5      | Reached skill level 3 in Maces & Flails
  5009 | D:5      | Reached skill level 3 in Throwing
  5146 | D:5      | Noticed a two-headed ogre
  5153 | D:5      | Killed a two-headed ogre
  5154 | D:5      | Reached skill level 9 in Fighting
  5154 | D:5      | Reached skill level 4 in Maces & Flails
  5154 | D:5      | Reached skill level 4 in Throwing
  5154 | D:5      | Reached XP level 9. HP: 46/85 MP: 8/8
  5636 | D:6      | Reached skill level 5 in Maces & Flails
  5717 | D:6      | Found a staircase to the Ecumenical Temple.
  5929 | D:6      | Reached skill level 10 in Fighting
  6153 | Temple   | Entered the Ecumenical Temple
  6425 | Temple   | Became a worshipper of Trog the Wrathful
  6527 | D:6      | Reached skill level 5 in Throwing
  6768 | D:6      | Identified the +0 scale mail of Haxtejug {Dex+2}
  6948 | D:6      | Reached skill level 11 in Fighting
  6948 | D:6      | Reached skill level 6 in Maces & Flails
  7237 | D:6      | Found Coqekker's CLEARANCE SALE!.
  7242 | D:6      | Bought 2 potions of curing for 24 gold pieces
  7462 | D:7      | Noticed a troll
  7471 | D:7      | Killed a troll
  7666 | D:7      | Noticed a two-headed ogre
  7672 | D:7      | HP: 16/89 [two-headed ogre/+0 giant spiked club (29)]
  7673 | D:7      | Slain by a two-headed ogre

Vanquished Creatures
  A two-headed ogre (D:5)
  A troll (D:7)
  Grinder (D:5)
  Sigmund (D:2)
  Eustachio (D:4)
  4 water moccasins
  A black bear (D:6)
  2 ice beasts (D:6)
  A sky beast (D:6)
  2 ogres
  A phantom (D:4)
  A kobold brigand (D:6)
  Blork the orc (D:4)
  A bullfrog (D:7)
  A gnoll sergeant (D:6)
  3 necrophages
  2 howler monkeys
  A jelly (D:5)
  3 orc priests
  3 hounds
  3 iguanas
  Natasha (thrice) (D:2)
  An orc wizard (D:5)
  Robin (D:4)
  5 gnolls
  9 adders
  2 ufetubi
  An adder zombie (D:3)
  2 worms (D:3)
  3 dart slugs
  14 orcs
  4 endoplasms
  3 giant cockroaches (D:3)
  12 goblins
  13 hobgoblins
  3 jackals
  5 quokkas
  10 ball pythons
  5 bats
  5 frilled lizards
  10 kobolds
  2 quokka zombies (D:3)
  4 rats
152 creatures vanquished.

Vanquished Creatures (others)
  A sky beast (D:7)
1 creature vanquished.

Grand Total: 153 creatures vanquished

Table legend:
 A = Non-vault XP
 B = Vault XP
 C = Vault XP percentage of total XP
 D = Non-vault monster count
 E = Vault monster count
 F = Vault count percentage of total count
                 A         B        C        D         E       F
            +---------+---------+-------+---------+---------+-------
      Total |    3694 |    1262 |  25.5 |     112 |      41 |  26.8
            +---------+---------+-------+---------+---------+-------
        D:1 |      35 |       0 |   0.0 |      22 |       0 |   0.0
        D:2 |      82 |     262 |  76.2 |      11 |       4 |  26.7
        D:3 |      72 |      13 |  15.3 |      17 |       4 |  19.0
        D:4 |     312 |     373 |  54.5 |      15 |      29 |  65.9
        D:5 |    1441 |     254 |  15.0 |      15 |       1 |   6.2
        D:6 |    1533 |       0 |   0.0 |      28 |       0 |   0.0
        D:7 |     219 |     360 |  62.2 |       4 |       3 |  42.9
            +---------+---------+-------+---------+---------+-------

Illustrated notes

Table legend:
 A = Kills in this place as a percentage of kills in entire the game.
 B = Kills by you in this place as a percentage of kills by you in the entire game.
 C = Kills by friends in this place as a percentage of kills by friends in the entire game.
 D = Other kills in this place as a percentage of other kills in the entire game.
 E = Experience gained in this place as a percentage of experience gained in the entire game.
 F = Experience gained in this place divided by the number of levels of this place that you have seen.
                   A       B       C       D       E      F
               +-------+-------+-------+-------+-------+----------------------
         Total | 100.0 | 100.0 |   N/A | 100.0 | 100.0 | 619.5
       Dungeon | 100.0 | 100.0 |   N/A | 100.0 | 100.0 | 708.0
               +-------+-------+-------+-------+-------+----------------------

Table legend: (Time is in decaauts)
 A = Elapsed time spent in this place.
 B = Non-inter-level travel time spent in this place.
 C = Inter-level travel time spent in this place.
 D = Time resting spent in this place.
 E = Time spent auto-exploring this place.
 F = Levels seen in this place.
 G = Mean time per level.
                   A        B        C        D        E       F      G
               +--------+--------+--------+--------+--------+-----+--------+
         Total |   7770 |   7644 |    126 |    573 |   6009 |   8 |  971.2 |
       Dungeon |   7489 |   7363 |    126 |    573 |   5750 |   7 | 1069.9 |
        Temple |    281 |    281 |      0 |      0 |    259 |   1 |  281.0 |
               +--------+--------+--------+--------+--------+-----+--------+

Top non-repeatable levels by time:
     D:4: 1685 daAuts
     D:5: 1579 daAuts
     D:6: 1116 daAuts
     D:3: 1017 daAuts
     D:1: 932 daAuts
     D:2: 852 daAuts
     D:7: 304 daAuts
  Temple: 281 daAuts
